 Dungeon Crawl Stone Soup version 0.30-a0-702-gdf48620a09 (webtiles) character file.

Game seed: 5810853574952171590

49863 ASSMAN the Fencer (level 14, -1/138 HPs)
             Began as an Armataur Berserker on Jan 22, 2023.
             Was the Champion of Trog.
             Slain by an orc knight
             ... wielding a +0 halberd
              (25 damage)
             ... on level 2 of the Orcish Mines.
             The game lasted 00:33:31 (21332 turns).

ASSMAN the Fencer (Armataur Berserker)             Turns: 21332, Time: 00:33:32

Health: -1/138     AC: 18    Str: 28      XL:     14   Next: 17%
Magic:  4/4        EV:  9    Int: 11 (13) God:    Trog [******]
Gold:   1975       SH:  5    Dex: 10      Spells: 13/13 levels left

rFire   + . .      SeeInvis +    a - +2 scimitar (antimagic)
rCold   . . .      Faith    .    (no shield)
rNeg    + . .      Spirit   .    h - +4 ring mail {rF+}
rPois   .          Reflect  +    Q - +2 helmet
rElec   .          Harm     .    j - +0 cloak
rCorr   .          Roll     +    (no gloves)
Will    +....                    (no barding) Stlth
                                 g - amulet of reflection
HPRegen 0.43/turn                n - +6 ring of strength
MPRegen 0.09/turn                C - ring of Biovytexeuf {Fly rN+ SInv}

@: on berserk cooldown, flying, slowed, invisible, very slow
A: large, rugged brown scales 3, deformed body, armoured tail, roll, long
tongue, awkward tongue
a: Renounce Religion, Berserk, Trog's Hand, Brothers in Arms


You were on level 2 of the Orcish Mines.
You worshipped Trog.
Trog was exalted by your worship.
You visited 4 branches of the dungeon, and saw 20 of its levels.

You collected 2174 gold pieces.
You spent 199 gold pieces at shops.

Inventory:

Hand Weapons
 a - a +2 antimagic scimitar (weapon)
 c - a +1 double sword
 A - a +3 falchion of venom
 J - a +0 great sword of protection
 M - the +6 shillelagh "Devastator" {shatter}
   (You found it on level 9 of the Dungeon)
Missiles
 p - 4 curare-tipped darts
 x - 5 silver javelins (quivered)
Armour
 h - a +4 ring mail of fire resistance (worn)
 j - a +0 cloak (worn)
 E - a +0 kite shield
 Q - a +2 helmet (worn)
Jewellery
 g - an amulet of reflection (around neck)
 k - an amulet of the acrobat
 n - a +6 ring of strength (left hand)
 B - a +4 ring of protection
 C - the ring of Biovytexeuf (right hand) {Fly rN+ SInv}
   (You found it on level 5 of the Dungeon)

   [ring of positive energy]

   rN:        It protects you from negative energy.
   SInv:      It lets you see invisible.
   Fly:       It grants you flight.
 K - a ring of resist corrosion
 S - a +6 ring of intelligence
Wands
 l - a wand of acid (5)
 w - a wand of iceblast (2)
 y - a wand of polymorph (12)
 I - a wand of mindburst (18)
 O - a wand of flame (6)
 P - a wand of paralysis (6)
Scrolls
 e - a scroll of enchant armour
 o - 4 scrolls of teleportation
 t - 5 scrolls of identify
 v - 3 scrolls of enchant weapon
 F - 2 scrolls of silence
Potions
 b - 2 potions of haste
 d - a potion of invisibility
 f - 6 potions of curing
 i - a potion of flight
 q - 3 potions of cancellation
 r - a potion of mutation {unknown}
 s - 5 potions of might
 z - 3 potions of magic
 G - a potion of resistance


   Skills:
 - Level 13.0 Fighting
 + Level 17.1 Long Blades
 - Level 16.2 Armour
 - Level 1.3 Dodging


You had 13 spell levels left.
You didn't know any spells.
Your spell library contained the following spells:

 Spells                   Type           Power      Damage    Failure   Level
 Beastly Appendage        Tmut           0%         N/A       41%         1
 Freeze                   Ice            0%         1d3       41%         1
 Magic Dart               Conj           0%         1d3       41%         1
 Summon Small Mammal      Summ           0%         N/A       41%         1
 Blink                    Tloc           0%         N/A       56%         2
 Call Imp                 Summ           0%         N/A       56%         2
 Lesser Beckoning         Tloc           0%         N/A       56%         2
 Wereblood                Tmut           0%         N/A       56%         2
 Call Canine Familiar     Summ           0%         N/A       80%         3
 Dazzling Flash           Conj/Hex       0%         N/A       80%         3
 Frozen Ramparts          Ice            0%         1d1       80%         3
 Gell's Gravitas          Tloc           0%         N/A       80%         3
 Hailstorm                Conj/Ice       0%         3d3       80%         3
 Mephitic Cloud           Conj/Pois/Air  0%         N/A       80%         3
 Ozocubu's Armour         Ice            0%         N/A       80%         3
 Spider Form              Tmut/Pois      0%         N/A       80%         3
 Summon Guardian Golem    Hex/Summ       0%         N/A       80%         3
 Teleport Other           Tloc           0%         N/A       80%         3
 Ice Form                 Ice/Tmut       0%         N/A       99%         4
 Iskenderun's Mystic Bla  Conj/Tloc      0%         2d3       99%         4
 Manifold Assault         Tloc           0%         N/A       99%         4
 Petrify                  Tmut/Erth      0%         N/A       99%         4
 Summon Ice Beast         Ice/Summ       0%         N/A       99%         4
 Fireball                 Conj/Fire      0%         3d3       100%        5
 Iskenderun's Battlesphe  Conj           0%         2d6       100%        5
 Metabolic Englaciation   Hex/Ice        0%         N/A       100%        5
 Conjure Ball Lightning   Conj/Air       0%         3x3d6     100%        6
 Starburst                Conj/Fire      0%         6d3       100%        6
 Statue Form              Tmut/Erth      0%         N/A       100%        6
 Orb of Destruction       Conj           0%         9d5       100%        7
 Ozocubu's Refrigeration  Ice            0%         4d7       100%        7
 Storm Form               Tmut/Air       0%         N/A       100%        7


Dungeon Overview and Level Annotations

Branches:
Dungeon (12/15)            Temple (1/1) D:6            Lair (5/5) D:9
 Shoals (0/4) Lair:2        Snake (0/4) Lair:3        Slime (0/5) Lair:4
    Orc (2/2) D:9             Elf (0/3) Orc:2

Altars:
Ashenzari
Cheibriados
Dithmenos
Elyvilon
Fedhas
Gozag
Hepliaklqana
Kikubaaqudgha
Makhleb
Nemelex Xobeh
Okawaru
Qazlal
Ru
Sif Muna
Trog
Uskayaw
Vehumet
Wu Jian
Xom
Yredelemnul
Zin
The Shining One
Jiyva

Shops:
D:3 **   D:5 ?   D:7 (   Orc:2 ?

Annotations:
D:11 3 runed translucent doors, Darius099's ghost, novice TrBe; acebull12's ghost, journeyman SpBr


Innate Abilities, Weirdness & Mutations

You are completely covered in rugged brown scales. (AC +3, +7% HP)
Armour fits poorly on your strangely shaped body.
You have a long armoured tail.
You roll when moving toward enemies. (Rampage)
Your long tongue fully drains potion bottles. (2x potion effects)
Your tongue gives you trouble enunciating. (1.5x scroll delay)


Message History

The orc knight barely misses you.
An orc high priest comes into view. It is wielding a +0 short sword.
The orc warrior closely misses you.
You closely miss the orc warrior.
The orc warrior is almost dead.
The orc high priest shouts!
You slash the orc warrior!
You kill the orc warrior!
Trog accepts your kill. Trog grants you a weapon!
Something appears at your feet!
You see here the +5 triple sword "Texatz" {flame, *Corrode rElec Dex+7}.
The orc knight hits you from afar with a +0 halberd!
* * * LOW HITPOINT WARNING * * *
Things that are here:
a +0 scimitar; a +0 plate armour You feel a strong urge to attack something.
You feel your anger nearly subside.
Your blood rage is quickly leaving you.
You are no longer berserk.
You are exhausted.
You feel yourself slow down.
You slurp down every last drop of the 2 potions of invisibility!
You fade into invisibility!
You slurp down every last drop of the 8 potions of curing!
You feel better.
The orc warrior no longer looks unusually strong.
The orc knight roars a battlecry!
The orc warrior goes into a battle-frenzy!
The orc knight no longer looks unusually strong.
The orc knight hits you but does no damage.
You block the orc knight's attack.
The orc knight hits you with a +0 dire flail!!
* * * LOW HITPOINT WARNING * * *
Okay, then.
You slurp down every last drop of the 7 potions of curing!
You feel better.
The orc knight roars a battlecry!
The orc knight goes into a battle-frenzy!
The orc knight hits you from afar with a +0 halberd!!
You die...

.................))).......#.....
..................)))).....#....#
..................)..)...........
....#.................).........>
.................................
.......................).....#.#.
.................................
.................................
................@................
....###########o###########....##
...## ######o###### #....## ....#
**#.....o..o.o### #.....# ....#
**...####.####o..## #......
###.#**,,*****#.######..###..##.#
# ###*,,***,,,#.#...###..##...###
# *,**,,,,,#.#.o..o##.##....## #
*,*,,,,,,#.#..oo.o#)##.....#


You could see 2 orc knights and an orc warrior (strong, unable to see you).

Vanquished Creatures
  3 catoblepae (Lair:5)
  4 two-headed ogres
  11 death yaks
  3 orc high priests (Orc:2)
  Urug (Orc:2)
  Sonja (D:10)
  2 lindwurms (Lair:1)
  2 orc knights (Orc:2)
  2 oklob plants
  5 orc sorcerers (Orc:2)
  2 manticores (Lair:5)
  A merfolk siren (Lair:2)
  4 elephants (Lair:2)
  5 black mambas
  A gargoyle (D:9)
  5 cane toads
  2 rime drakes (Lair:1)
  2 komodo dragons (Lair:1)
  3 trolls
  2 polar bears
  25 blink frogs
  64 yaks
  2 wraiths
  4 wyverns
  A steam dragon (D:7)
  4 basilisks
  An acid dragon (D:10)
  A naga (Lair:3)
  16 water moccasins
  A swamp drake (D:9)
  15 orc warriors
  A black bear (D:6)
  4 ice beasts
  5 ogres
  16 wolves
  5 centaurs
  A phantom (D:7)
  4 kobold brigands
  10 bullfrogs
  A necrophage (D:4)
  3 scorpions
  4 killer bees (D:7)
  3 electric eels (Lair:4)
  5 howler monkeys
  A hound (D:5)
  18 orc priests
  3 gnoll boudas
  A jelly (D:8)
  6 iguanas
  4 hell rats (Lair:4)
  16 orc wizards
  6 adders
  12 gnolls
  4 white imps
  4 worms
  3 dart slugs
  73 orcs
  8 bats
  3 endoplasms
  6 goblins
  6 hobgoblins
  2 jackals (D:4)
  17 kobolds
  6 quokkas
  5 ball pythons
  2 frilled lizards
  8 rats
471 creatures vanquished.

Vanquished Creatures (others)
  A yak (Lair:5)
  2 orcs (Orc:2)
  22 fungi
  19 plants
  2 withered plants (D:11)
46 creatures vanquished.

Grand Total: 517 creatures vanquished

Notes
Turn   | Place    | Note
-------+----------+-------------------------------------------
     0 | D:1      | ASSMAN the Armataur Berserker began the quest for the Orb.
     0 | D:1      | Reached XP level 1. HP: 19/19 MP: 1/1
   100 | D:1      | Reached skill level 3 in Long Blades
   171 | D:1      | Reached XP level 2. HP: 24/26 MP: 2/2
   809 | D:2      | Reached XP level 3. HP: 30/32 MP: 3/3
   902 | D:2      | Reached skill level 4 in Long Blades
  1414 | D:2      | Reached XP level 4. HP: 35/39 MP: 4/4
  1464 | D:2      | Reached ** piety under Trog
  1790 | D:3      | Reached skill level 5 in Long Blades
  1797 | D:3      | Reached XP level 5. HP: 33/44 MP: 5/5
  1839 | D:3      | Found Qumpusim's General Store.
  1841 | D:3      | Found Tet Xeagg's General Store.
  2027 | D:3      | Found Heanaonn's Jewellery Emporium.
  2413 | D:4      | Reached skill level 6 in Long Blades
  2499 | D:4      | Reached XP level 6. HP: 51/53 MP: 6/6
  2957 | D:4      | Reached skill level 7 in Long Blades
  2975 | D:4      | Found a shimmering blue altar of Sif Muna.
  3197 | D:5      | Entered Level 5 of the Dungeon
  3198 | D:5      | Found a blossoming altar of Fedhas.
  3301 | D:5      | Found a shimmering altar of Xom.
  3343 | D:5      | Reached XP level 7. HP: 36/59 MP: 7/7
  3459 | D:5      | Reached *** piety under Trog
  3690 | D:5      | Identified the ring of Biovytexeuf {Fly rN+ SInv}
  4056 | D:5      | Found The Oracle's Delphic Readings.
  4085 | D:5      | Reached skill level 8 in Long Blades
  4663 | D:6      | Reached skill level 9 in Long Blades
  4663 | D:6      | Reached XP level 8. HP: 39/66 MP: 8/8
  4859 | D:6      | Found a staircase to the Ecumenical Temple.
  4885 | Temple   | Entered the Ecumenical Temple
  5133 | D:6      | Reached skill level 10 in Long Blades
  5369 | D:5      | Reached skill level 11 in Long Blades
  5382 | D:5      | Reached XP level 9. HP: 22/72 MP: 9/9
  6502 | D:7      | Found an opulent altar of Gozag.
  6810 | D:7      | Reached skill level 5 in Armour
  6907 | D:7      | Found Xides's Antique Weapon Boutique.
  6912 | D:7      | Bought a runed great sword for 199 gold pieces
  7545 | D:8      | Identified a scroll of acquirement
  7545 | D:8      | Acquired a manual of Fighting
  7635 | D:8      | Reached skill level 5 in Fighting
  7653 | D:8      | Reached XP level 10. HP: 69/89 MP: 10/10
  8346 | D:9      | Reached **** piety under Trog
  8429 | D:9      | Found a staircase to the Lair.
  8440 | D:9      | Reached skill level 10 in Fighting
  8556 | D:9      | Noticed a two-headed ogre
  8556 | D:9      | Noticed a gargoyle
  8557 | D:9      | Found the +6 shillelagh "Devastator" {shatter}
  8557 | D:9      | Noticed a two-headed ogre
  8558 | D:9      | Noticed a two-headed ogre
  8571 | D:9      | Killed a two-headed ogre
  8580 | D:9      | Killed a gargoyle
  8727 | D:9      | Killed a two-headed ogre
  8784 | D:9      | Killed a two-headed ogre
  8857 | D:9      | Found a shadowy altar of Dithmenos.
  8927 | D:9      | Found a staircase to the Orcish Mines.
  8953 | D:9      | Reached XP level 11. HP: 68/114 MP: 11/11
  9486 | D:10     | Entered Level 10 of the Dungeon
  9603 | D:10     | You are sucked into a shaft and drop 2 floors!
  9686 | D:11     | Found a runed translucent gate.
  9686 | D:11     | Found a runed translucent gate.
  9686 | D:11     | Found a runed translucent gate.
  9687 | D:11     | Noticed Darius099's ghost (novice TrBe)
  9687 | D:11     | Noticed acebull12's ghost (journeyman SpBr)
  9717 | D:10     | Reached skill level 12 in Long Blades
  9840 | D:10     | Noticed Sonja
  9849 | D:10     | Killed Sonja
 10567 | D:10     | Noticed a green ugly thing
 10641 | Lair:1   | Entered Level 1 of the Lair of Beasts
 10641 | Lair:1   | Noticed an oklob plant
 11246 | Lair:1   | Killed an oklob plant
 11279 | Lair:1   | Reached skill level 10 in Armour
 11466 | Lair:1   | Noticed a lindwurm
 11488 | Lair:1   | Reached skill level 13 in Long Blades
 11491 | Lair:1   | Reached ***** piety under Trog
 11513 | Lair:1   | Killed a lindwurm
 11684 | Lair:1   | Noticed a lindwurm
 11703 | Lair:1   | Killed a lindwurm
 11844 | Lair:1   | Reached XP level 12. HP: 116/123 MP: 12/12
 12160 | Lair:1   | Noticed a death yak
 12163 | Lair:1   | Noticed a death yak
 12169 | Lair:1   | Noticed a death yak
 12174 | Lair:1   | Noticed a death yak
 12178 | Lair:1   | Killed a death yak
 12184 | Lair:1   | Killed a death yak
 12189 | Lair:1   | Killed a death yak
 12198 | Lair:1   | Killed a death yak
 12703 | Lair:2   | Reached skill level 14 in Long Blades
 13378 | Lair:2   | Found a staircase to the Shoals.
 14263 | Lair:3   | Found a staircase to the Snake Pit.
 15480 | Lair:4   | Found a viscous altar of Jiyva.
 15480 | Lair:4   | Found a staircase to the Slime Pits.
 16078 | Lair:4   | Reached XP level 13. HP: 54/130 MP: 13/13
 16958 | Lair:5   | Entered Level 5 of the Lair of Beasts
 16963 | Lair:5   | Reached skill level 15 in Long Blades
 17836 | Lair:5   | Reached skill level 15 in Armour
 18523 | Lair:5   | Received a gift from Trog
 18546 | Lair:5   | Reached skill level 16 in Long Blades
 18555 | Lair:5   | HP: 5/130 [yak (2)]
 19890 | Orc:1    | Entered Level 1 of the Orcish Mines
 20312 | Orc:2    | Entered Level 2 of the Orcish Mines
 20312 | Orc:2    | Noticed Urug
 20315 | Orc:2    | Paralysed by Urug for 2 turns
 20326 | Orc:2    | Killed Urug
 20773 | Orc:2    | Found a staircase to the Elven Halls.
 20829 | Orc:2    | Reached XP level 14. HP: 138/138 MP: 4/14
 21267 | Orc:2    | Found Kuotsaocw's Magic Scroll Emporium.
 21294 | Orc:2    | Reached ****** piety under Trog
 21295 | Orc:2    | Reached skill level 17 in Long Blades
 21316 | Orc:2    | Identified the +5 triple sword "Texatz" {flame, *Corrode
                  | rElec Dex+7} (Trog gifted it to you on level 2 of the
                  | Orcish Mines)
 21316 | Orc:2    | Received a gift from Trog
 21332 | Orc:2    | Slain by an orc knight

Illustrated notes

Levels and vault maps discovered:
D:1:      onia_arrival_handbag, layout_basic, chequers_jeans,
          nicolae_kite_square_tiling_tiny
D:2:      layout_basic
D:3:      layout_rooms, serial_shops, nicolae_shop_stone, shop,
          nicolae_square_shop, kennysheep_generic_room_9
D:4:      nicolae_cairo_tiling, layout_basic, nicolae_overflow_crystal_walls
D:5:      layout_basic, fedhas_ov_isle_minmay, xom_butterflies,
          nicolae_nh_oracle_at_delphi
D:6:      layout_loops_ring, minmay_temple_entry_glass
D:7:      layout_basic, mainiacjoe_overflow_24_doors, serial_curves,
          eino_curves_04, eino_curves_01, serial_shops, nicolae_shop_crystal
D:8:      layout_loops_cross
D:9:      layout_rooms, grunt_dithmenos_smoke, dpeg_oklobed_lair, erik_orc_1,
          hangedman_decor_peaks_small, dilly_guarded_unrand_devastator
D:10:     layout_loops_cross, grunt_tough_drop, uniq_sonja
D:11:     layout_long_grid, gammafunk_ghost_cemetery, hangedman_stone_soup,
          nicolae_sextant, uniq_maurice
D:12:     minmay_expanding_circles, layout_loops_ring, serial_shops,
          nicolae_stop_n_shop_1, uniq_azrael
Temple:   minmay_crystal_spiral_temple
Lair:1:   layout_loops_ring, minmay_lair_oklob_bushes, nicolae_lair_lindhole
Lair:2:   layout_regular_city, minmay_shoals_entry_lonely_mermaid
Lair:3:   layout_misc_corridors, guppyfry_snake_entry_garden
Lair:4:   layout_loops_ring, dpeg_slime_entry_enclosed,
          nicolae_lair_grove_arrangements, serial_bayou_shore_a,
          serial_bayou_shore_b, infiniplex_staircase_pool, lemuel_fruit_fields
Lair:5:   evilmike_catoblepas_cave, layout_misc_corridors
Orc:1:    layout_caves, serial_shops, shop
Orc:2:    st_orc_elflike, layout_diamond_mine, serial_shops, bzr_entry_safe,
          lightli_orcish_oven, uniq_urug

Skill      XL: |  1  2  3  4  5  6  7  8  9 10 11 12 13 14 |
---------------+-------------------------------------------+-----
Long Blades    | 3 4 5 6 7 9 11 13 14 16 17 | 17.1
Armour         | 7 11 14 16 | 16.2
Fighting       | 6 13 | 13.0
Dodging        | |  1.3

Action                   |  1- 3 |  4- 6 |  7- 9 | 10-12 | 13-15 || total
-------------------------+-------+-------+-------+-------+-------++-------
Melee: Falchion          |   148 |   109 |   153 |   774 |    39 ||  1223
       Tailslap          |    15 |    29 |    55 |   119 |   104 ||   322
       Punch             |     1 |     2 |     6 |    17 |     2 ||    28
       Dagger            |       |    96 |   170 |       |       ||   266
       Great sword       |       |       |       |       |   326 ||   326
       Scimitar          |       |       |       |       |   182 ||   182
Throw: Throwing net      |       |       |     4 |       |       ||     4
Invok: Berserk           |     1 |     2 |     9 |    19 |    12 ||    43
Evoke: Wand              |       |       |       |     7 |       ||     7
  Use: Scroll            |       |       |    11 |     9 |    10 ||    30
       Potion            |       |       |       |     4 |     7 ||    11
 Stab: Held in net/web   |       |       |     2 |       |       ||     2
       Invisible         |       |       |       |       |     2 ||     2
Armor: Animal skin       |    48 |       |       |       |       ||    48
       Ring mail         |    12 |    57 |    35 |       |    66 ||   170
       Plate armour      |       |       |    48 |   292 |   267 ||   607
Dodge: Dodged            |    80 |    60 |    63 |   142 |   178 ||   523
Block: Other             |     2 |    42 |    40 |   117 |   125 ||   326
       Reflection        |       |     2 |       |     6 |     1 ||     9

Table legend: (Time is in decaauts)
 A = Elapsed time spent in this place.
 B = Non-inter-level travel time spent in this place.
 C = Inter-level travel time spent in this place.
 D = Time resting spent in this place.
 E = Time spent auto-exploring this place.
 F = Levels seen in this place.
 G = Mean time per level.
                   A        B        C        D        E       F      G
               +--------+--------+--------+--------+--------+-----+--------+
         Total |  21200 |  20085 |   1115 |   4818 |  12388 |  20 | 1060.0 |
       Dungeon |  10656 |  10145 |    511 |   1185 |   7372 |  12 |  888.0 |
        Temple |    211 |    127 |     84 |      0 |    112 |   1 |  211.0 |
          Lair |   9137 |   8644 |    493 |   3537 |   4059 |   5 | 1827.4 |
  Orcish Mines |   1194 |   1168 |     26 |     95 |    845 |   2 |  597.0 |
               +--------+--------+--------+--------+--------+-----+--------+

Top non-repeatable levels by time:
  Lair:5: 2647 daAuts
  Lair:1: 2074 daAuts
     D:5: 1873 daAuts
  Lair:4: 1657 daAuts
  Lair:2: 1624 daAuts
     D:9: 1281 daAuts
  Lair:3: 1133 daAuts
     D:7: 1102 daAuts
    D:10: 1033 daAuts
     D:6: 1029 daAuts
     D:8: 1022 daAuts
   Orc:2: 984 daAuts
     D:2: 930 daAuts
     D:4: 788 daAuts
     D:3: 749 daAuts
